 Dungeon Crawl Stone Soup version 0.32-a0-656-g3542139ebd (webtiles) character file.

Game seed: 8166118808922573018

287 ragingrage the Shooter (level 6, -4/36 HPs)
             Began as a Deep Elf Delver on Mar 9, 2024.
             Killed by nerve-wracking pain
             ... invoked by an orc priest
              (10 damage)
             ... on level 4 of the Dungeon.
             The game lasted 00:06:52 (3868 turns).

ragingrage the Shooter (Deep Elf Delver)            Turns: 3868, Time: 00:06:53

Health: -4/36      AC:  8    Str:  9    XL:     6   Next: 8%
Magic:  8/8        EV:  2    Int: 15    God:
Gold:   184        SH:  0    Dex: 18    Spells: 5/5 levels left

rFire   + . .        b - +0 sling
rCold   + . .        (no shield)
rNeg    . . .        j - +0 leather armour
rPois   +            r - +0 helmet
rElec   +            (no cloak)
rCorr   +            (no gloves)
SInv    .            (no boots)
Will    .....        o - amulet of magic regeneration
Stlth   +++          m - +4 ring of protection
HPRegen 0.26/turn    (no ring)
MPRegen 0.51/turn

%: no passive effects
@: resistant, grasped by roots, constricted
A: no striking features
a: Convert to Beogh


You were on level 4 of the Dungeon.
You visited 1 branch of the dungeon, and saw 6 of its levels.

You collected 184 gold pieces.

Inventory:

Hand Weapons
 a - a +0 short sword
 b - a +0 sling (weapon)
Armour
 j - a +0 leather armour (worn)
 k - a +2 scale mail of poison resistance
 r - a +0 helmet (worn)
Jewellery
 m - a +4 ring of protection (left hand)
 o - an amulet of magic regeneration (around neck)
 p - a ring of ice
Wands
 g - a wand of digging (3)
 l - a wand of quicksilver (2)
Scrolls
 c - 2 scrolls of fog
 e - 2 scrolls of fear
 i - 2 scrolls of poison
 q - 2 scrolls of amnesia
Potions
 d - a potion of ambrosia
 f - a potion of haste
 n - a potion of enlightenment
 t - a potion of cancellation


   Skills:
 - Level 2.4 Fighting
 - Level 3.5 Short Blades
 + Level 6.9 Ranged Weapons
 - Level 2.4 Dodging
 - Level 6.0 Stealth


You had 5 spell levels left.
You didn't know any spells.
Your spell library contained the following spells:

 Spells                   Type           Power      Damage    Failure   Level
 Kiss of Death            Conj/Necr      0%         2d5       36%         1
 Confusing Touch          Hex            0%         N/A       75%         3
 Dispel Undead            Necr           0%         3d6       98%         4


Dungeon Overview and Level Annotations

Branches:
Dungeon (6/15)
 Temple: D:4-7

Altars:

Annotations:
D:3 exclusion: downstairs
D:4 exclusion: door
D:5 exclusions: 2 gnolls, gnoll sergeant and 2 iguanas
D:6 exclusion: phantom


Message History

Fire: b) +0 sling
Press: ? - help, Q - select action, (/) - cycle Shift-Dir - straight line, f/p - orc priest
Aim: an orc priest, wielding a +0 club, wearing a +0 chain mail and carrying a wand of roots (almost dead, 70% to hit)
You shoot a sling bullet. The sling bullet hits the orc priest.
The orc priest invokes the aid of Beogh against you.
Beogh smites you!
* * * LOW HITPOINT WARNING * * *
Fire: b) +0 sling
Press: ? - help, Q - select action, (/) - cycle Shift-Dir - straight line, f/p - orc priest
Aim: an orc priest, wielding a +0 club, wearing a +0 chain mail and carrying a wand of roots (almost dead, 70% to hit)
You shoot a sling bullet.
The sling bullet barely misses the orc priest.
The orc priest barely misses you.
It was a potion of resistance.
You feel protected. The orc priest hits you with a +0 club.
* * * LOW HITPOINT WARNING * * *
It was a potion of curing.
You feel better.
The orc priest hits you but does no damage.
Fire: b) +0 sling
Press: ? - help, Q - select action, (/) - cycle Shift-Dir - straight line, f/p - orc priest
Aim: an orc priest, wielding a +0 club, wearing a +0 chain mail and carrying a wand of roots (almost dead, 70% to hit)
You shoot a sling bullet.
The sling bullet barely misses the orc priest.
The orc priest zaps a wand.
The roots erupt in riotous growth!
The grasping roots grab you!
The orc priest threatens, "Beogh's wrath is as vast as their mercy.
Make your choice!"
The orc priest is unaffected.
The grasping roots constrict you.
* * * LOW HITPOINT WARNING * * *
Unknown command.
Unknown command.
Fire: b) +0 sling
Press: ? - help, Q - select action, (/) - cycle Shift-Dir - straight line, f/p - orc priest
Aim: an orc priest, wielding a +0 club, wearing a +0 chain mail and carrying a wand of roots (almost dead, 70% to hit)
You shoot a sling bullet.
The sling bullet hits the orc priest but does no damage.
The orc priest calls down the wrath of Beogh upon you.
Pain shoots through your body!
You die...

≈≈~#####.#####.###* *,*
####.....$<.......*** *,*
...................,* *,*
###.##.#.#####.##.#,* *,*
*,*#.#.# #.#.o,,*# *,* ###.##.#.#
#...*,,.##*****,** ....##.#o#
#..##*...#,,,*,,,* ######.#.#
#.[o#...##*,***,,*
######>#(#####.#@.....#,,,*,,,*
...........o...####.#...*,,,*,**
.........#######**,***,***,***,*
.....#.###*,,,,,,,,,*,,,*,,,*,,**
.....#...,,,*****,*,,,*,,,*,,,*,*
.....#####*,* ****,***,***,****
###### *,* *,*,,,*,,,*,,,*,* #
*,* **,,*,,,*,,,*,,** # *,*
*,***,***,***,**


You could see an orc priest.

Vanquished Creatures
  A phantom (D:3)
  A jelly (D:4)
  An orc priest (D:3)
  An iguana (D:4)
  Robin (D:2)
  5 adders
  2 ribbon worms (D:3)
  5 orcs
  3 bats
  4 endoplasms
  2 giant cockroaches
  4 hobgoblins
  3 quokkas
  6 ball pythons
  3 frilled lizards (D:1)
  15 goblins
  3 kobolds
  5 rats
65 creatures vanquished.

Notes
Turn   | Place    | Note
-------+----------+-------------------------------------------
     0 | D:5      | ragingrage the Deep Elf Delver began the quest for the Orb.
     0 | D:5      | Reached XP level 1. HP: 13/13 MP: 3/3
    18 | D:6      | Noticed a phantom
    48 | D:5      | Noticed an iguana
    79 | D:5      | Noticed a gnoll sergeant
   118 | D:5      | Noticed an iguana
   290 | D:4      | Noticed an iguana
   313 | D:4      | Killed an iguana
   314 | D:4      | Reached XP level 2. HP: 18/18 MP: 4/4
   318 | D:4      | Reached XP level 3. HP: 22/22 MP: 5/5
   585 | D:1      | Reached XP level 4. HP: 27/27 MP: 6/6
  2617 | D:3      | Noticed Robin
  2814 | D:2      | Killed Robin
  2830 | D:3      | Reached XP level 5. HP: 25/31 MP: 7/7
  2908 | D:3      | Reached skill level 5 in Ranged Weapons
  2978 | D:3      | Found a faded altar of an unknown god.
  3395 | D:4      | Noticed a phantom
  3412 | D:3      | Killed a phantom
  3699 | D:3      | Reached XP level 6. HP: 24/36 MP: 8/8
  3868 | D:4      | Killed from afar by an orc priest

Illustrated notes

Levels and vault maps discovered:
D:1:      arrival_aquarium_a, layout_basic
D:2:      layout_basic
D:3:      layout_rooms, hellmonk_ecumenical_altar_crossroads, uniq_robin
D:4:      layout_loops_ring, serial_glass, glass_columns_a, glass_columns_b,
          glass_columns_c, glass_columns_b, kennysheep_doodads, hex_large,
          kennysheep_potato, uniq_natasha
D:5:      layout_basic, minmay_temple_entry_large_hall, water_boxes_lemuel
D:6:      layout_loops_cross, gammafunk_ghost_stat_death, abandoned_shop,
          dreamdust_princess_corridor

Skill      XL: |  1  2  3  4  5 |
---------------+----------------+-----
Short Blades   | 3 |  3.5
Ranged Weapons | 3 4 6 |  6.9
Fighting       | |  2.4
Dodging        | |  2.4
Stealth        | |  6.0

Action                     |  1- 3 |  4- 6 || total
---------------------------+-------+-------++-------
  Melee: Short sword       |    12 |     5 ||    17
   Fire: Sling             |    25 |   223 ||   248
  Evoke: Wand              |     3 |       ||     3
    Use: Scroll            |     2 |     6 ||     8
         Potion            |       |     4 ||     4
 Armour: Leather armour    |     9 |    94 ||   103
  Dodge: Dodged            |    12 |    75 ||    87

Table legend: (Time is in decaauts)
 A = Elapsed time spent in this place.
 B = Non-inter-level travel time spent in this place.
 C = Inter-level travel time spent in this place.
 D = Time resting spent in this place.
 E = Time spent auto-exploring this place.
 F = Levels seen in this place.
 G = Mean time per level.
                   A        B        C        D        E       F      G
               +--------+--------+--------+--------+--------+-----+--------+
         Total |   3943 |   3391 |    552 |    748 |   1817 |   6 |  657.2 |
       Dungeon |   3943 |   3391 |    552 |    748 |   1817 |   6 |  657.2 |
               +--------+--------+--------+--------+--------+-----+--------+

Top non-repeatable levels by time:
     D:2: 1404 daAuts
     D:1: 955 daAuts
     D:3: 900 daAuts
     D:4: 557 daAuts
     D:5: 94 daAuts
     D:6: 31 daAuts
